Map: Orbital Shipyard

Players

Conqueror

  • Race: Zerg Zerg
  • League: Platinum

Retosi

  • Race: Zerg Zerg
  • League: Gold

MoonLjth - Winner!

  • Race: Protoss Protoss
  • League: Grandmaster

iQuitBYE - Winner!

  • Race: Protoss Protoss
  • League: Grandmaster

VOD

Have the link to the VOD?

Description

Time

  • Played on: Oct. 3, 2015, 5:39 p.m.
  • Length: 8:23
Show
View Real Time Build Order
Export as new Build Order

Conqueror Zerg 

Build Orders: Hatch First 

Get SALT Encoding   

  12  0:01  Drone  
  13  0:15  Overlord  
  13  0:18  Drone  
  14  0:33  Drone x2  
  16  0:37  Drone  
  17  0:47  Drone  
  18  0:57  Hatchery  
  18  0:59  Drone  
  18  1:13  Spawning Pool  
  18  1:15  Drone  
  18  1:19  Drone  
  19  1:30  Drone  
  20  1:44  Drone  
  20  1:46  Hatchery  
  20  1:47  Extractor  
  19  1:58  Drone  
  20  2:01  Queen  
  22  2:11  Queen  
  22  2:14  Zergling x4  
  26  2:20  Drone x2  
  28  2:26  Overlord  
  28  2:45  Drone x3  
  28  2:47  Overlord  
  31  2:59  Overlord  
  31  3:00  Overlord  
  31  3:07  Drone  
  31  3:08  Drone  
  31  3:09  Drone  
  34  3:16  Drone x2  
  34  3:17  Drone, Roach Warren  
  36  3:22  Drone x2  
  36  3:23  Drone  
  36  3:26  Drone  
  40  3:28  Drone  
  40  3:32  Drone  
  42  3:36  Drone  
  42  3:37  Drone  
  44  3:41  Overlord  
  44  3:50  Overlord  
  44  3:53  Drone x2  
  46  3:57  Extractor  
  46  3:59  Roach  
  46  4:00  Roach x3  
  46  4:02  Drone  
  54  4:07  Drone  
  55  4:11  Drone  
  55  4:15  Queen x2  
  62  4:26  Lair  
  62  4:30  Drone x5  
  62  4:31  Drone x2  
  67  4:40  Overlord x2  
  67  4:41  Overlord  
  67  4:50  Drone x3, Extractor  
  67  4:51  Drone  
  70  4:57  Drone x2  
  70  4:58  Overlord  
  72  5:07  Extractor  
  72  5:11  Drone x4  
  72  5:13  Roach  
  77  5:18  Roach  
  79  5:22  Roach x2  
  79  5:25  Roach  
  79  5:26  Roach x2  
  89  5:31  Drone  
  89  5:32  Evolution Chamber, Drone, Hydralisk Den  
  89  5:33  Evolution Chamber  
  89  5:35  Roach x3  
  94  5:41  Roach  
  94  5:42  Roach  
  98  5:44  Roach  
  98  5:49  Roach  
  102  5:53  Roach x2  
  102  5:55  Overlord x3  
  105  5:59  Roach  
  105  6:01  Roach x2  
  101  6:05  Hydralisk  
  101  6:06  Hydralisk  
  101  6:10  Zerg Missile Weapons Level 1, Hydralisk  
  101  6:11  Hydralisk x2  
  101  6:14  Roach  
  101  6:18  Hydralisk  
  96  6:23  Hydralisk  
  96  6:24  Zergling x4  
  96  6:25  Zergling x2  
  101  6:28  Roach  
  101  6:31  Roach  
  99  6:34  Roach  
  99  6:36  Roach  
  89  6:40  Hydralisk  
  89  6:46  Hydralisk  
  87  6:48  Hydralisk  
  87  6:50  Roach  
  87  6:53  Roach  
  91  6:56  Roach  
  91  6:58  Roach  
  95  7:01  Roach  
  95  7:04  Roach  
  95  7:06  Roach  
  93  7:09  Roach  
  93  7:12  Roach  
  93  7:15  Hydralisk  
  97  7:19  Roach  
  89  7:23  Hydralisk  
  89  7:25  Roach  
  89  7:29  Roach  
  81  7:31  Roach  
  81  7:34  Roach  
  81  7:36  Roach  
  69  7:41  Roach  
  69  7:42  Roach  
  73  7:46  Hydralisk  
  73  7:48  Hydralisk  
  77  7:59  Hydralisk, Roach  
Show
View Real Time Build Order
Export as new Build Order

Retosi Zerg 

Build Orders:  

Get SALT Encoding   

  12  0:01  Probe (Chrono Boost)  
  13  0:16  Pylon  
  13  0:17  Probe (Chrono Boost)  
  14  0:28  Probe (Chrono Boost)  
  15  0:36  Gateway  
  15  0:40  Probe (Chrono Boost)  
  16  0:45  Assimilator  
  16  0:51  Probe (Chrono Boost)  
  16  0:54  Assimilator  
  17  1:01  Probe (Chrono Boost)  
  18  1:12  Probe (Chrono Boost)  
  19  1:28  Nexus  
  19  1:32  Probe (Chrono Boost)  
  20  1:43  Cybernetics Core  
  20  1:46  Probe (Chrono Boost)  
  21  1:58  Probe (Chrono Boost), Pylon  
  22  2:09  Probe (Chrono Boost)  
  23  2:19  Stalker, Warp Gate  
  27  2:22  Mothership Core (Chrono Boost)  
  27  2:33  Robotics Facility  
  27  2:42  Probe x2 (Chrono Boost)  
  29  2:52  Probe x2 (Chrono Boost)  
  31  3:03  Probe x2 (Chrono Boost)  
  31  3:04  Pylon  
  33  3:08  Sentry  
  35  3:13  Probe (Chrono Boost)  
  35  3:14  Probe (Chrono Boost)  
  35  3:16  Immortal  
  37  3:24  Probe (Chrono Boost)  
  37  3:26  Probe (Chrono Boost)  
  43  3:33  Pylon  
  43  3:35  Probe (Chrono Boost)  
  43  3:38  Probe (Chrono Boost)  
  45  3:45  Probe (Chrono Boost)  
  45  3:47  Pylon  
  46  3:50  Immortal  
  46  3:53  Probe (Chrono Boost)  
  51  3:56  Probe (Chrono Boost)  
  52  4:04  Gateway  
  52  4:09  Gateway  
  52  4:21  Gateway  
  52  4:25  Gateway  
  52  4:28  Warp Prism  
  52  4:29  Gateway  
  52  4:37  Sentry  
  56  4:46  Pylon  
  56  4:47  Pylon  
  56  4:58  Pylon  
  56  4:59  Adept  
  58  5:05  Stalker  
  60  5:09  Observer  
  61  5:17  Stalker x2  
  61  5:21  Stalker x2  
  70  5:22  Probe (Chrono Boost)  
  70  5:27  Nexus  
  70  5:36  Stalker x2  
  70  5:41  Observer  
  75  5:43  Stalker  
  75  5:47  Probe (Chrono Boost)  
  78  6:01  Stalker x2  
  78  6:03  Zealot x3  
  82  6:10  Probe (Chrono Boost)  
  75  6:23  Stalker x2  
  78  6:26  Probe (Chrono Boost)  
  78  6:27  Assimilator  
  78  6:30  Stalker  
  74  6:34  Adept, Zealot x2  
  73  6:47  Probe (Chrono Boost), Adept x2  
  73  6:49  Assimilator  
  73  6:51  Probe (Chrono Boost)  
  73  6:54  Probe (Chrono Boost), Forge  
  79  6:58  Assimilator  
  79  6:59  Probe (Chrono Boost), Adept x3  
  79  7:00  Zealot  
  88  7:03  Probe (Chrono Boost)  
  88  7:04  Assimilator  
  88  7:06  Probe (Chrono Boost)  
  88  7:11  Probe (Chrono Boost)  
  88  7:12  Adept x2  
  88  7:15  Probe (Chrono Boost)  
  92  7:18  Probe (Chrono Boost)  
  94  7:23  Probe (Chrono Boost), Adept x2  
  94  7:24  Adept x2  
  94  7:27  Probe (Chrono Boost)  
  100  7:30  Probe (Chrono Boost)  
  100  7:36  Adept x2  
  96  7:42  Probe x2 (Chrono Boost)  
  99  7:46  Probe (Chrono Boost)  
  99  7:54  Probe x2 (Chrono Boost)  
  99  7:56  Adept x3  
  99  7:58  Probe (Chrono Boost)  
  108  8:03  Pylon  
  108  8:04  Pylon  
  109  8:06  Probe (Chrono Boost)  
  109  8:09  Probe (Chrono Boost)  
  108  8:16  Stalker x3  
Show
View Real Time Build Order
Export as new Build Order

MoonLjth Protoss - Winner!

Build Orders:  

Get SALT Encoding   

Show
View Real Time Build Order
Export as new Build Order

iQuitBYE Protoss - Winner!

Build Orders:  

Get SALT Encoding   

Tags
 
Add a new tag
Caveats
  • Supply blocks, unpowered buildings, or Contaminate may cause inaccurate times.
  • Supply counts are checked every 10 seconds.